 Dungeon Crawl Stone Soup version 0.29-a0-338-g1ff7896281 (webtiles) character file.

Game seed: 9808967902498241125

94077 spaghetti the Covert (level 15, 24/132 HPs)
             Began as a Deep Dwarf Necromancer on Apr 17, 2022.
             Was an Initiate of Gozag.
             Quit the game on level 1 of the Spider Nest on Apr 18, 2022.
             The game lasted 02:06:40 (38782 turns).

spaghetti the Covert (Deep Dwarf Necromancer)      Turns: 38782, Time: 02:06:41

Health: 24/132     AC: 11    Str: 16    XL:     15   Next: 62%
Magic:  3/11       EV: 17    Int: 23    God:    Gozag
Gold:   303        SH:  6    Dex: 13    Spells: 5/24 levels left

rFire   . . .      SeeInvis +   a - +7 demon whip (vorpal) {mace}
rCold   . . .      Faith    .   o - +3 buckler
rNeg    + + +      Spirit   .   A - +6 leather armour of Lilacs {Str+4}
rPois   .          Reflect  .   y - +2 hat {Will+}
rElec   +          Harm     .   d - +2 cloak
rCorr   .          Rampage  ∞   p - +2 pair of gloves
Will    ++++.                   X - +3 pair of seven-league boots {Rampage+∞}
Stlth   +++++.....              (no amulet)
HPRegen 0.00/turn               D - ring of Xom's Full Attention {Wiz Drain rElec rN++ Will+}
MPRegen 0.12/turn               t - ring of wizardry

@: mildly poisoned (24 -> 20), corroded, gold aura, studying Dodging
A: damage resistance, heal wounds, negative energy resistance 1, sense
surroundings 2, no regeneration, horns 2, see invisible, wild magic 1
a: Heal Wounds, Renounce Religion, Potion Petition, Call Merchant, Bribe Branch


You were on level 1 of the Spider Nest.
You worshipped Gozag.
Gozag was aware of your devotion.
You visited 5 branches of the dungeon, and saw 25 of its levels.

You collected 6471 gold pieces.
You spent 2619 gold pieces at shops.
You paid 3549 gold pieces to Gozag.


Innate Abilities, Weirdness & Mutations

You are resistant to damage.
You can heal yourself by infusing magical energy.
You resist negative energy. (rN+)
You passively map the area around you.
You do not regenerate.
You have a pair of horns on your head.
You have supernaturally acute eyesight. (SInv)
Your spells are a little harder to cast, but a little more powerful.


   Skills:
 + Level 7.7 Fighting
 - Level 7.9 Staves
 + Level 8.8 Armour
 * Level 13.0 Dodging
 - Level 13.3 Stealth
 * Level 5.3 Spellcasting
 - Level 8.0 Hexes
 * Level 10.9 Summonings
 - Level 10.0 Necromancy
 - Level 5.4 Air Magic
 - Level 5.2 Invocations


You had 5 spell levels left.
You knew the following spells:

 Your Spells              Type           Power      Damage    Failure   Level
a - Pain                  Necr           100%       1d9       1%          1
b - Vampiric Draining     Necr           61%        2d10      1%          3
c - Call Imp              Summ           65%        N/A       1%          2
d - Animate Dead          Necr           30%        N/A       1%          4
e - Summon Lightning Spi  Summ/Air       55%        N/A       2%          4
f - Summon Mana Viper     Hex/Summ       59%        N/A       3%          5

Your spell library contained the following spells:

 Spells                   Type           Power      Damage    Failure   Level
 Animate Skeleton         Necr           100%       N/A       1%          1
 Confusing Touch          Hex            54%        N/A       1%          3
 Dispel Undead            Necr           61%        3d21      1%          4
 Static Discharge         Conj/Air       24%        N/A       3%          2
 Inner Flame              Hex/Fire       31%        N/A       3%          3
 Agony                    Necr           61%        N/A       3%          5
 Foxfire                  Conj/Fire      28%        2x1d5     6%          1
 Airstrike                Air            20%        N/A       6%          4
 Summon Ice Beast         Ice/Summ       40%        N/A       6%          4
 Fulminant Prism          Conj/Hex       15%        3d11      11%         4
 Conjure Flame            Conj/Fire      7%         6-21      16%         3
 Frozen Ramparts          Ice            14%        1d3       16%         3
 Metabolic Englaciation   Hex/Ice        15%        N/A       24%         5
 Yara's Violent Unravell  Hex/Tmut       15%        3d8       24%         5
 Lightning Bolt           Conj/Air       12%        1d25      38%         5
 Flame Wave               Conj/Fire      7%         2d5       41%         4
 Hailstorm                Conj/Ice       7%         3d4       41%         4
 Ice Form                 Ice/Tmut       7%         N/A       41%         4
 Petrify                  Tmut/Erth      7%         N/A       41%         4
 Sticky Flame             Conj/Fire      7%         2d3       41%         4
 Monstrous Menagerie      Summ           32%        N/A       38%         7
 Simulacrum               Ice/Necr       18%        N/A       61%         6
 Enfeeble                 Hex            27%        N/A       77%         7
 Conjure Ball Lightning   Conj/Air       12%        3x3d6     88%         6
 Statue Form              Tmut/Erth      4%         N/A       99%         6

Inventory:

Hand Weapons
 a - a +7 vorpal demon whip (weapon) {mace}
   (You took it off Amaemon on level 1 of the Lair of Beasts)
 b - a +8 hand crossbow {crossbow}
   (You bought it in a shop on level 8 of the Dungeon)
 c - the +6 long sword of the Other Side {vorpal, *Corrode rPois Str+7, long}
   (You found it on level 2 of the Lair of Beasts)

   It inflicts extra damage upon your enemies.
   Str:       It affects your strength (+7).
   rPois:     It protects you from poison.
   *Corrode:  It may corrode you when you take damage.
 r - a +0 executioner's axe {axerare=g}
   (You took it off a centaur warrior on level 14 of the Dungeon)
Missiles
 f - 6 curare-tipped darts {=fthrowing}
 g - 2 throwing nets {=f!fthrowing}
 k - 715 stones {throwing}
 E - 31 poisoned darts {throwing}
 G - 16 javelins {throwing}
 J - 2 datura-tipped darts {throwing}
 P - 8 boomerangs {throwing}
Armour
 d - a +2 cloak (worn)
   (You found it on level 10 of the Dungeon)
 o - a +3 buckler (worn)
   (You took it off a spriggan rider on level 1 of the Swamp)
 p - a +2 pair of gloves (worn)
   (You found it on level 1 of the Dungeon)
 y - a +2 hat of willpower (worn)
   (You bought it in a shop on level 4 of the Dungeon)
 A - the +6 leather armour of Lilacs (worn) {Str+4}
   (You bought it in a shop on level 10 of the Dungeon)

   Str:       It affects your strength (+4).
 X - the +3 pair of seven-league boots (worn) {Rampage+∞}
   (You found it on level 2 of the Lair of Beasts)

   Its wearer moves as far as possible in that direction when moving towards
   enemies.
Magical Staves
 v - a staff of earth {!astaff}
   (You found it on level 4 of the Lair of Beasts)
Jewellery
 e - a ring of protection from cold
   (You found it on level 1 of the Dungeon)
 i - a ring of ice
   (You found it on level 1 of the Dungeon)
 t - a ring of wizardry (right hand)
   (You found it on level 10 of the Dungeon)
 u - a +6 ring of strength
   (You found it on level 4 of the Lair of Beasts)
 B - a +6 ring of intelligence
   (You found it on level 5 of the Dungeon)
 D - the ring of Xom's Full Attention (left hand) {Wiz Drain rElec rN++ Will+}
   (You acquired it on level 4 of the Dungeon)

   [ring of wizardry]

   It improves your spell success rate.
   rElec:     It insulates you from electricity.
   rN:        It greatly protects you from negative energy.
   Drain:     It drains your maximum health when unequipped.
   Will:      It increases your willpower.
 I - a ring of fire
   (You found it on level 1 of the Lair of Beasts)
 Q - a ring of magical power
   (You found it on level 1 of the Lair of Beasts)
Wands
 m - a wand of digging (8)
   (You found it on level 5 of the Lair of Beasts)
 n - a wand of polymorph (9)
   (You found it on level 5 of the Lair of Beasts)
 q - a wand of flame (43)
   (You found it on level 5 of the Dungeon)
 x - a wand of paralysis (9)
   (You found it on level 5 of the Lair of Beasts)
 H - a wand of charming (20)
   (You found it on level 6 of the Dungeon)
Scrolls
 h - 3 scrolls of immolation {!r!r}
 z - a scroll of magic mapping {!r}
 L - 6 scrolls of vulnerability {!r!r}
 N - 4 scrolls of fog
 S - 10 scrolls of identify {@r1}
 U - a scroll of enchant armour
Potions
 j - 2 potions of lignification {!q}
 w - 2 potions of brilliance
 O - 3 potions of attraction {!q}
 T - 2 potions of flight
Miscellaneous
 l - a phantom mirror (inert)
   (You found it on level 3 of the Lair of Beasts)
 s - a phial of floods
   (You found it on level 3 of the Lair of Beasts)

Dungeon Overview and Level Annotations

Branches:
Dungeon (14/15)            Temple (1/1) D:4            Lair (6/6) D:8
  Swamp (3/4) Lair:3       Spider (1/4) Lair:2          Orc (0/2) D:9
 Vaults (0/5) D:14
  Slime: Lair:5-6

Altars:
Ashenzari
Cheibriados
Dithmenos
Elyvilon
Fedhas
Gozag
Hepliaklqana
Kikubaaqudgha
Makhleb
Nemelex Xobeh
Okawaru
Qazlal
Ru
Trog
Uskayaw
Vehumet
Wu Jian
Xom
Yredelemnul
Zin
The Shining One

Shops:
D:4 (*:[?   D:8 (   D:10 [   Lair:5 (

Annotations:
D:14 Azrael
Lair:1 exclusion: lava snake
Lair:6 exclusion: oklob plant
Swamp:2 exclusion: ice statue

**, $** , , *, . ,
,.....s....# *##... # * *
.......... ##.#... .##
*.......... ##.##..#
.)###........###..##..#
#..#.......##....##...
*#.....>..###.........
######.sB...###......#...
#.^.....@...........#....
####.....#.........###...
#..##..##.......###....
#.. ##.###.##....##....
#. ##.#....#..####... #.
#....###### #...# #
##....### ###.).
###.......#####..)..
######[......##..##...)##


You could see an emperor scorpion (wandering), an entropy weaver and a redback.


Message History

The redback is distracted by your dazzling golden aura.
Your crimson imp barely misses the entropy weaver.
The entropy weaver completely misses your crimson imp.
The entropy weaver hits your crimson imp!
Your crimson imp dies!
Your crimson imp disappears in a puff of smoke! 😱 MP[+1]
Aiming: Paralyse
Press: ? - help, Shift-Dir - straight line, f/p - entropy weaver
Aim: an entropy weaver (moderately wounded, chance to affect: 17%)
Okay, then.
You feel much better. 😨 HP[+13]
You regained 13 hp, and now have 42/132 hp.
Unknown command.
Unknown command.
Unknown command.
You feel much better. 😨 HP[+18]
You regained 18 hp, and now have 60/132 hp.
Unknown command.
Unknown command.
You hit the entropy weaver. The entropy weaver hits you!
* * * LOW HITPOINT WARNING * * *
The entropy weaver closely misses you.
The entropy weaver hits you but does no damage.
The entropy weaver hits you.
* * * LOW HITPOINT WARNING * * *
😨 HP[-5]
You take 5 damage, and now have 55/132 hp.
Unknown command.
Unknown command.
You hit the entropy weaver.
The redback is no longer distracted by gold.
The entropy weaver is distracted by your dazzling golden aura.
You hit the entropy weaver but do no damage.
The entropy weaver is no longer distracted by gold.
You block the entropy weaver's attack. The entropy weaver closely misses you.
The entropy weaver misses you. The entropy weaver hits you!
* * * LOW HITPOINT WARNING * * *
😨 HP[-8]
You take 8 damage, and now have 47/132 hp.
You barely miss the entropy weaver.
Your headbutt misses the entropy weaver.
The entropy weaver hits you but does no damage.
The entropy weaver hits you. You block the entropy weaver's attack.
The entropy weaver misses you.
You hit the entropy weaver but do no damage.
The entropy weaver barely misses you.
You block the entropy weaver's attack. x2
The entropy weaver hits you but does no damage.
The redback closely misses you.
You barely miss the entropy weaver.
The redback bites you but does no damage.
The entropy weaver hits you but does no damage.
The entropy weaver hits you. x2; You block the entropy weaver's attack.
The redback bites you!
* * * LOW HITPOINT WARNING * * *
You are poisoned.
The redback poisons you!
The entropy weaver hits you but does no damage.
The entropy weaver closely misses you. The entropy weaver hits you!
* * * LOW HITPOINT WARNING * * *
The entropy weaver hits you. 😱 HP[-22] MP[+1]
You take 22 damage, and now have 25/132 hp.
Unknown command.
Unknown command.
Unknown command.
Unknown command.
Okay, then.
Okay, then.
Okay, then.
Your magical essence is drained by the effort!
You feel much better.
You feel extremely sick. The redback misses you.
The entropy weaver hits you but does no damage.
You block the entropy weaver's attack. The entropy weaver hits you.
The entropy weaver barely misses you. 😨 HP[+14]
You regained 14 hp, and now have 39/132 hp.
Unknown command.
Unknown command.
You closely miss the entropy weaver. You headbutt the entropy weaver.
You feel extremely sick. You block the redback's attack.
The entropy weaver hits you. The entropy weaver misses you.
The entropy weaver hits you but does no damage.
The entropy weaver closely misses you.
The redback completely misses you. 😱 HP[-9]
You take 9 damage, and now have 30/132 hp.
You miss the entropy weaver.
You feel very sick. The redback bites you.
The entropy weaver gestures at you while chanting.
The entropic weave corrodes you!
An emperor scorpion comes into view. 😱 HP[-6]
You take 6 damage, and now have 24/132 hp.
Are you sure you want to abandon this character and quit the game? (Confirm with "yes".)

Skill      XL: |  1  2  3  4  5  6  7  8  9 10 11 12 13 14 15 |
---------------+----------------------------------------------+-----
Stealth        | 3 4 5 6 7 8 10 11 13 | 13.3
Spellcasting   | 2 3 4 5 |  5.3
Dodging        | 3 4 5 6 7 8 9 11 13 | 13.0
Invocations    | 2 4 5 |  5.2
Fighting       | 1 2 3 4 5 6 7 |  7.7
Hexes          | 1 2 3 4 5 7 8 |  8.0
Summonings     | 1 2 3 4 5 6 8 9 10 | 10.9
Necromancy     | 5 6 7 8 9 10 | 10.0
Staves         | 1 2 4 5 6 7 |  7.9
Air Magic      | 1 2 3 4 5 |  5.4
Armour         | 4 7 8 |  8.8

Action                   |  1- 3 |  4- 6 |  7- 9 | 10-12 | 13-15 || total
-------------------------+-------+-------+-------+-------+-------++-------
Melee: Unarmed           |    11 |       |       |       |       ||    11
       Staff             |     9 |    54 |       |       |       ||    63
       Quarterstaff      |       |     9 |    78 |   129 |   189 ||   405
       Kick              |       |       |    21 |    43 |       ||    64
       Headbutt          |       |       |    21 |    42 |   190 ||   253
       Demon whip        |       |       |       |       |   534 ||   534
       Punch             |       |       |       |       |     8 ||     8
 Fire: Hand crossbow     |       |       |       |       |     1 ||     1
 Cast: Pain              |    69 |    55 |    46 |    21 |    12 ||   203
       Vampiric Draining |       |    16 |    54 |   101 |   160 ||   331
       Call Imp          |       |     1 |    15 |    25 |    58 ||    99
       Summon Lightning  |       |       |    11 |    64 |   108 ||   183
       Summon Mana Viper |       |       |       |    56 |   118 ||   174
Invok: Potion Petition   |       |       |       |     1 |     5 ||     6
       Call Merchant     |       |       |       |       |     2 ||     2
 Abil: Heal Wounds       |       |       |     1 |     1 |    36 ||    38
Evoke: Wand              |       |       |     5 |    10 |    15 ||    30
       Phial of floods   |       |       |       |     1 |     2 ||     3
       Phantom mirror    |       |       |       |       |     4 ||     4
  Use: Scroll            |     5 |     2 |     2 |    11 |    25 ||    45
       Potion            |     2 |     1 |    11 |     4 |    18 ||    36
 Stab: Sleeping          |       |     1 |       |       |       ||     1
       Distracted        |       |       |       |     4 |    21 ||    25
       Invisible         |       |       |       |     1 |       ||     1
       Paralysed         |       |       |       |       |     6 ||     6
Armor: Robe              |     5 |    40 |    38 |    51 |    64 ||   198
       Chain mail        |       |       |       |       |   595 ||   595
       Leather armour    |       |       |       |       |    48 ||    48
Dodge: Dodged            |    20 |   135 |   104 |   152 |   606 ||  1017
Block: Buckler           |       |       |       |       |    65 ||    65

Levels and vault maps discovered:
D:1:      amcnicky_arrival_double_pillar, layout_basic, serial_corexii_hall,
          corexii_hall_statues_x, chequers_hall_statues_wall_a
D:2:      layout_loops_corners
D:3:      layout_rooms, fountainhead, grunt_ministairs_8
D:4:      black_bear_nest_2, layout_cave_pools,
          nicolae_hepliaklqana_ecumenical_no_more,
          minmay_temple_entry_offerings, serial_shops, shop, shop,
          nicolae_shop_advertising_works [nicolae_subvault_shop_adworks],
          nicolae_shop_crystal, nicolae_shop_behind_doors,
          kennysheep_generic_room_13
D:5:      wad_crossroads, layout_rooms
D:6:      layout_layer_cave, minmay_misc_feat_diagonals,
          kb_lookout_dungeons_type, hangedman_decor_growths
D:7:      layout_loops_ring, st_stairs_2
D:8:      layout_basic, david_lair_generic, serial_bayou_lagoon_a, uniq_psyche
D:9:      layout_irregular_city, orc_0_dummy
D:10:     layout_rooms, serial_shops, nicolae_shop_trees
D:11:     layout_small_grid, serial_glass, glass_columns_a, glass_columns_b,
          minmay_door_square
D:12:     layout_loops_ring, gauntlet_entry_generic
D:13:     layout_irregular_city
D:14:     layout_basic, david_vaults_4, okawaru_metal_pillars_3, uniq_louise,
          uniq_azrael, uniq_jorgrun
Temple:   roderic_octagonal_lattice_temple
Lair:1:   layout_gridlike, uniq_amaemon, uniq_urug
Lair:2:   layout_regular_city, nicolae_spider_entry_non_spiders,
          hellmonk_guarded_unrand_seven_league_boots, grunt_megastairs_2,
          infiniplex_staircase_pool_2
Lair:3:   layout_roguey, swamp_mist_pool
Lair:4:   layout_loops_ring, grunt_megastairs_1, uniq_snorg
Lair:5:   layout_regular_city
Lair:6:   hangedman_lair_caniforms_friends, layout_long_grid,
          minmay_slime_entry_oklob_open, dreamdust_gnoll_shepherd,
          grunt_megastairs_4
Swamp:1:  layout_basic_swamp, hangedman_swamp_ruin_wall
Swamp:2:  layout_basic_swamp, portal_ice_cave_entry_ice_statue_two,
          evilmike_swamp_ruin_house_6
Swamp:3:  layout_basic_swamp, serial_swamp_ruin, evilmike_swamp_ruin_house_4,
          evilmike_swamp_ruin_house_5, evilmike_swamp_ruin_house_3
Spider:1: layout_chambers, nicolae_spider_altar_of_dancing,
          hangedman_spider_tarantella_strand

Notes
Turn   | Place    | Note
-------+----------+-------------------------------------------
     0 | D:1      | spaghetti the Deep Dwarf Necromancer began the quest for
                  | the Orb.
     0 | D:1      | Reached XP level 1. HP: 15/15 MP: 3/3
     0 | D:1      | magus.rc [v1.9.6]
   276 | D:1      | Reached XP level 2. HP: 13/22 MP: 0/4
  1542 | D:2      | Reached skill level 3 in Stealth
  1785 | D:2      | Reached skill level 2 in Spellcasting
  1785 | D:2      | Reached XP level 3. HP: 29/30 MP: 4/6
  1819 | D:2      | You add the spells Call Imp, Fulminant Prism, Summon Mana
                  | Viper and Conjure Ball Lightning to your library.
  1819 | D:2      | Got Sif Muna's Catalogue of Damaging Companions
  2488 | D:3      | Noticed an ogre
  2541 | D:3      | Reached skill level 3 in Dodging
  2735 | D:3      | Reached XP level 4. HP: 36/37 MP: 4/7
  2757 | D:3      | Learned a level 3 spell: Vampiric Draining
  2760 | D:3      | Learned a level 2 spell: Call Imp
  3328 | D:3      | Reached skill level 1 in Invocations
  3467 | D:4      | Noticed an ice beast
  3490 | D:4      | Killed an ice beast
  3491 | D:4      | Reached skill level 1 in Fighting
  3491 | D:4      | Reached skill level 4 in Stealth
  3491 | D:4      | Reached skill level 1 in Hexes
  3491 | D:4      | Reached skill level 1 in Summonings
  3491 | D:4      | Reached skill level 2 in Invocations
  3491 | D:4      | Reached XP level 5. HP: 44/44 MP: 1/8
  3574 | D:4      | Found Ycein's Antique Weapon Shop.
  3734 | D:4      | Noticed a black bear
  3744 | D:4      | Killed a black bear
  3745 | D:4      | Reached XP level 6. HP: 40/51 MP: 0/9
  3855 | D:4      | Found a faded altar of an unknown god.
  3855 | D:4      | Found a faded altar of an unknown god.
  3855 | D:4      | Found a faded altar of an unknown god.
  3857 | D:4      | Found a hazy altar of Hepliaklqana.
  4004 | D:4      | Reached skill level 5 in Necromancy
  4106 | D:4      | Found Woadebor's Book Emporium.
  4127 | D:4      | Found Voman's Antique Armour Boutique.
  4214 | D:4      | Found Rackutwa's Magic Scroll Emporium.
  4228 | D:4      | Found a staircase to the Ecumenical Temple.
  4234 | D:4      | You pick up a book of Storms and begin reading...
  4234 | D:4      | You add the spells Airstrike, Summon Lightning Spire and
                  | Lightning Bolt to your library.
  4336 | D:4      | Reached skill level 1 in Staves
  4336 | D:4      | Reached skill level 2 in Summonings
  4692 | D:4      | Found Virchiwa's General Store.
  4783 | Temple   | Entered the Ecumenical Temple
  4994 | Temple   | Became a worshipper of Gozag Ym Sagoz the Greedy
  5033 | D:5      | Entered Level 5 of the Dungeon
  5033 | D:5      | Noticed a yak
  5033 | D:5      | Noticed a yak
  5033 | D:5      | Noticed a yak
  5077 | D:5      | Reached XP level 7. HP: 47/57 MP: 10/10
  5093 | D:5      | Reached skill level 3 in Invocations
  5102 | D:5      | Noticed a yak
  5103 | D:5      | Noticed a yak
  5155 | D:5      | Reached skill level 4 in Dodging
  5245 | D:5      | Reached skill level 1 in Air Magic
  5385 | D:4      | Bought a glowing hat for 147 gold pieces
  5407 | D:5      | Noticed a yak
  5414 | D:4      | HP: 5/57 [yak (10)]
  5415 | D:4      | Killed a yak
  5416 | D:4      | Reached skill level 5 in Stealth
  5416 | D:4      | Reached skill level 2 in Hexes
  5520 | D:4      | Gained mutation: You have sharp toenails. [potion of
                  | mutation]
  5520 | D:4      | Gained mutation: You have a pair of small horns on your
                  | head. [potion of mutation]
  5520 | D:4      | Gained mutation: You are strong-willed. (Will+) [potion of
                  | mutation]
  5520 | D:4      | Gained mutation: You have a pair of horns on your head.
                  | [potion of mutation]
  5814 | D:5      | Reached skill level 4 in Invocations
  5912 | D:5      | Reached XP level 8. HP: 44/64 MP: 6/11
  6135 | D:5      | Reached skill level 2 in Staves
  6140 | D:5      | Learned a level 4 spell: Animate Dead
  6370 | D:5      | Reached skill level 3 in Summonings
  6373 | D:5      | Reached skill level 2 in Fighting
  6373 | D:5      | Reached skill level 2 in Air Magic
  6379 | D:5      | Reached skill level 5 in Invocations
  6382 | D:5      | HP: 13/67 [yak (12)]
  6384 | D:5      | Reached skill level 5 in Dodging
  6384 | D:5      | Reached skill level 6 in Stealth
  6384 | D:5      | Reached skill level 3 in Hexes
  6760 | D:5      | Gained mutation: You passively map the area around you.
                  | [Deep Dwarf growth]
  6760 | D:5      | Reached XP level 9. HP: 57/74 MP: 0/13
  6820 | D:4      | Bought a masterwork cloak for 199 gold pieces
  6820 | D:4      | Identified the +0 cloak of Midwinter {Dex+2} (You bought it
                  | in a shop on level 4 of the Dungeon)
  7008 | D:6      | Reached skill level 3 in Spellcasting
  7346 | D:6      | Reached skill level 3 in Staves
  7957 | D:6      | Learned a level 4 spell: Summon Lightning Spire
  8039 | D:7      | Noticed a nameless horror
  8046 | D:6      | Killed a nameless horror
  8190 | D:7      | Reached skill level 4 in Summonings
  8696 | D:7      | Reached skill level 7 in Stealth
  8696 | D:7      | Reached skill level 6 in Necromancy
  8835 | D:7      | You pick up a book of Rime and begin reading...
  8835 | D:7      | You add the spells Frozen Ramparts, Ice Form and Summon Ice
                  | Beast to your library.
  8848 | D:7      | Noticed a manticore
  8862 | D:7      | Killed a manticore
  8863 | D:7      | Reached skill level 3 in Air Magic
  9051 | D:7      | Noticed a nameless horror
  9055 | D:7      | Killed a nameless horror
  9058 | D:7      | Reached skill level 3 in Fighting
  9356 | D:7      | Reached skill level 4 in Staves
  9356 | D:7      | Reached skill level 4 in Hexes
  9471 | D:8      | Reached skill level 6 in Dodging
  9471 | D:8      | Reached XP level 10. HP: 56/84 MP: 2/15
  9641 | D:8      | HP: 15/84 [nameless horror[miscasting Summon Lightning
                  | Spire] (9)]
  9650 | D:8      | Reached skill level 4 in Spellcasting
 10404 | D:9      | Found a staircase to the Orcish Mines.
 10971 | D:9      | You pick up a book of Flames and begin reading...
 10971 | D:9      | You add the spells Foxfire, Conjure Flame, Inner Flame and
                  | Flame Wave to your library.
 11198 | D:9      | Reached skill level 5 in Summonings
 11419 | D:10     | Entered Level 10 of the Dungeon
 11431 | D:10     | Reached skill level 8 in Stealth
 11615 | D:10     | Reached skill level 5 in Staves
 11619 | D:10     | Reached skill level 7 in Dodging
 11955 | D:8      | Noticed Psyche
 11966 | D:8      | Killed Psyche
 11967 | D:8      | Reached XP level 11. HP: 50/91 MP: 2/18
 11989 | D:8      | Reached skill level 5 in Hexes
 12181 | D:8      | Noticed a death yak
 12191 | D:8      | Killed a death yak
 12369 | D:8      | Found a staircase to the Lair.
 12490 | D:4      | Bought a scroll of acquirement for 572 gold pieces
 12490 | D:4      | Acquired the ring of Xom's Full Attention {Wiz Drain rElec
                  | rN++ Will+}
 12500 | D:4      | Learned a level 5 spell: Summon Mana Viper
 12980 | D:8      | Reached skill level 5 in Spellcasting
 13100 | D:8      | Reached skill level 4 in Fighting
 13100 | D:8      | Reached skill level 9 in Stealth
 13631 | D:8      | You pick up a book of Sloth and begin reading...
 13631 | D:8      | You add the spells Petrify, Metabolic Englaciation and
                  | Statue Form to your library.
 13904 | Lair:1   | Entered Level 1 of the Lair of Beasts
 13966 | Lair:1   | Noticed Urug
 13988 | Lair:1   | Killed Urug
 13989 | Lair:1   | Reached skill level 6 in Summonings
 13989 | Lair:1   | Reached skill level 7 in Necromancy
 14270 | Lair:1   | HP: 21/92 [wolf (6)]
 14857 | Lair:1   | Reached skill level 6 in Staves
 14857 | Lair:1   | Reached skill level 8 in Dodging
 15101 | Lair:1   | Noticed Amaemon
 15124 | Lair:1   | Killed Amaemon
 15125 | Lair:1   | Reached skill level 10 in Stealth
 16271 | Lair:2   | Reached XP level 12. HP: 58/100 MP: 8/18
 16494 | Lair:2   | Noticed a boulder beetle
 16513 | Lair:2   | Killed a boulder beetle
 16514 | Lair:2   | Reached skill level 7 in Summonings
 16659 | Lair:2   | Noticed a five-headed hydra
 16665 | Lair:2   | Killed a five-headed hydra
 16947 | Lair:2   | Found a hole to the Spider Nest.
 17119 | Lair:2   | Reached skill level 9 in Dodging
 17256 | Lair:2   | Noticed a six-headed hydra
 17261 | Lair:2   | Noticed a boulder beetle
 17264 | Lair:2   | Killed a six-headed hydra
 17265 | Lair:2   | Reached skill level 5 in Fighting
 17265 | Lair:2   | Reached skill level 7 in Staves
 17467 | Lair:2   | Identified the +6 long sword of the Other Side {vorpal,
                  | *Corrode rPois Str+7}
 17567 | Lair:2   | Reached skill level 11 in Stealth
 17707 | Lair:2   | Found the +3 pair of seven-league boots {Rampage+∞}
 18103 | Lair:2   | Killed a boulder beetle
 18104 | Lair:2   | Reached skill level 8 in Necromancy
 18629 | D:4      | Bought the +12 chain mail "Ynkuquge" {rF++ Str+4} for 1071
                  | gold pieces
 19602 | Lair:3   | Found a staircase to the Swamp.
 19710 | Lair:3   | Reached skill level 8 in Summonings
 20245 | Lair:4   | Noticed a six-headed hydra
 20276 | Lair:4   | Killed a six-headed hydra
 20430 | Lair:4   | Reached XP level 13. HP: 101/110 MP: 7/19
 20434 | Lair:4   | Reached skill level 1 in Armour
 20439 | Lair:4   | Reached skill level 10 in Dodging
 20474 | Lair:4   | Reached skill level 12 in Stealth
 21302 | Lair:4   | Reached skill level 2 in Armour
 22462 | Lair:5   | Reached skill level 3 in Armour
 23348 | Lair:5   | You pick up a book of the Tundra and begin reading...
 23348 | Lair:5   | You add the spells Hailstorm and Simulacrum to your
                  | library.
 23538 | Lair:6   | Entered Level 6 of the Lair of Beasts
 23554 | Lair:6   | Reached skill level 6 in Fighting
 23840 | Lair:6   | Reached skill level 4 in Air Magic
 23997 | Lair:6   | Reached skill level 4 in Armour
 24124 | Lair:6   | HP: 25/111 [yak (8)]
 24551 | Lair:6   | Reached skill level 9 in Summonings
 24589 | Lair:6   | Reached skill level 9 in Necromancy
 24794 | Lair:6   | HP: 24/111 [komodo dragon (15)]
 24797 | Lair:6   | HP: 2/111 [komodo dragon (16)]
 24808 | Lair:6   | Reached skill level 13 in Stealth
 24833 | Lair:6   | HP: 15/111 [death yak (14)]
 24836 | Lair:6   | Reached skill level 11 in Dodging
 24858 | Lair:6   | HP: 22/111 [elephant (10)]
 24869 | Lair:6   | Gained mutation: You resist negative energy. (rN+) [Deep
                  | Dwarf growth]
 24869 | Lair:6   | Reached XP level 14. HP: 61/120 MP: 12/19
 24960 | Lair:6   | Reached skill level 5 in Armour
 25602 | Lair:6   | Reached skill level 6 in Hexes
 27248 | D:10     | Found Peomamal's Antique Armour Boutique.
 27979 | D:11     | HP: 25/121 [centaur/arrow (9)]
 28979 | D:11     | HP: 29/121 [something (6)]
 29327 | D:12     | Reached skill level 6 in Armour
 29875 | D:12     | HP: 13/121 [phantasmal warrior[a death knight] (22)]
 30754 | D:12     | You pick up a book of Touch and begin reading...
 30754 | D:12     | You add the spells Static Discharge, Sticky Flame and
                  | Dispel Undead to your library.
 30856 | D:14     | Noticed Jorgrun
 30862 | D:14     | HP: 25/121 [Jorgrun/iron shot (45)]
 30868 | D:14     | Found a gate to the Vaults.
 31031 | D:14     | Noticed Azrael
 31145 | D:14     | Killed Jorgrun
 31277 | D:14     | Reached skill level 7 in Armour
 31277 | D:14     | Reached skill level 10 in Summonings
 31385 | D:14     | r - a +0 executioner's axe {axerare=g}
 31491 | D:13     | HP: 30/121 [centaur warrior/arrow (10)]
 31512 | D:13     | Reached skill level 7 in Hexes
 31691 | D:13     | Reached skill level 7 in Fighting
 32081 | D:13     | You pick up a book of Storms and begin reading...
 32410 | D:13     | You pick up a book of Rime and begin reading...
 32583 | D:13     | You pick up a book of Beasts and begin reading...
 33184 | D:8      | Bought a +8 hand crossbow for 455 gold pieces
 33364 | Swamp:1  | Entered Level 1 of the Swamp
 33390 | Swamp:1  | HP: 23/123 [eleionoma (8)]
 33565 | Lair:3   | Reached skill level 5 in Air Magic
 33751 | Swamp:1  | HP: 29/123 [spriggan rider/+0 spear (4)]
 33765 | Swamp:1  | Reached XP level 15. HP: 45/129 MP: 0/17
 33874 | Swamp:1  | HP: 31/129 [seven-headed hydra (5)]
 33881 | Swamp:1  | Reached skill level 10 in Necromancy
 34029 | Swamp:1  | Reached skill level 12 in Dodging
 34189 | Swamp:1  | HP: 27/129 [swamp worm/harpoon shot (6)]
 34371 | Swamp:1  | HP: 31/129 [bog body/bolt of cold (8)]
 34392 | Swamp:1  | HP: 32/129 [spectral fenstrider witch[a ghost crab] (2)]
 34413 | Swamp:1  | HP: 22/129 [ghost crab (10)]
 34419 | Swamp:1  | HP: 26/129 [ghost crab] (11)]
 34600 | Swamp:1  | HP: 31/129 [something] (12)]
 35110 | Swamp:1  | You drop a +0 executioner's axe {axerare=g}.
 35113 | Swamp:1  | Lost mutation: You are strong-willed. (Will+) [potion of
                  | mutation]
 35113 | Swamp:1  | Lost mutation: You have sharp toenails. [potion of
                  | mutation]
 35113 | Swamp:1  | Gained mutation: You possess an exceptional clarity of
                  | mind. [potion of mutation]
 35113 | Swamp:1  | Gained mutation: You are frail. (-10% HP) [potion of
                  | mutation]
 35113 | Swamp:1  | Gained mutation: Your spells are a little harder to cast,
                  | but a little more powerful. [potion of mutation]
 35113 | Swamp:1  | Gained mutation: You are partially covered in iridescent
                  | scales. (AC +2) [potion of mutation]
 35114 | Swamp:1  | Lost mutation: You possess an exceptional clarity of mind.
                  | [potion of mutation]
 35114 | Swamp:1  | Lost mutation: You are frail. (-10% HP) [potion of
                  | mutation]
 35114 | Swamp:1  | Lost mutation: You are partially covered in iridescent
                  | scales. (AC +2) [potion of mutation]
 35114 | Swamp:1  | Gained mutation: You have supernaturally acute eyesight.
                  | (SInv) [potion of mutation]
 35115 | Swamp:1  | r - a +0 executioner's axe {axerare=g}
 35133 | Swamp:2  | HP: 32/129 [bunyip (23)]
 35137 | Swamp:2  | Noticed a fenstrider witch
 35349 | Swamp:2  | Killed a fenstrider witch
 35357 | Swamp:2  | Reached skill level 8 in Armour
 35473 | Swamp:1  | Paralysed by a hornet for 1 turns
 35474 | Swamp:1  | HP: 28/129 [eleionoma (9)]
 36862 | Swamp:2  | HP: 20/129 [swamp worm/harpoon shot (13)]
 37131 | Swamp:2  | HP: 32/129 [ghoul (12)]
 37145 | Swamp:2  | HP: 22/129 [ghoul (13)]
 37344 | Swamp:3  | Reached skill level 8 in Hexes
 37677 | Swamp:3  | You pick up a book of Misfortune and begin reading...
 37677 | Swamp:3  | You add the spells Confusing Touch, Yara's Violent
                  | Unravelling and Enfeeble to your library.
 37942 | D:10     | Bought an ancient leather armour for 175 gold pieces
 37942 | D:10     | Identified the +6 leather armour of Lilacs {Str+4} (You
                  | bought it in a shop on level 10 of the Dungeon)
 38122 | Spider:1 | Entered Level 1 of the Spider Nest
 38337 | Spider:1 | HP: 30/130 [meliai/divine providence (9)]
 38365 | Spider:1 | HP: 28/130 [disintegration (19)]
 38379 | Spider:1 | HP: 20/130 [wolf spider (10)]
 38400 | Spider:1 | HP: 47/198 [poisoned by a redback]
 38490 | Spider:1 | HP: 33/132 [poisoned by a redback]
 38498 | Spider:1 | HP: 14/132 [tarantella (8)]
 38663 | Spider:1 | Reached skill level 13 in Dodging
 38778 | Spider:1 | HP: 25/132 [entropy weaver (10)]
 38781 | Spider:1 | Noticed an emperor scorpion
 38782 | Spider:1 | Quit the game

Vanquished Creatures
  2 ghouls (Swamp:2)
  3 eleionomae
  A shambling mangrove (Swamp:2)
  2 bunyips
  A catoblepas (Lair:6)
  7 hydras
  3 ghost crabs
  2 centaur warriors
  2 alligators (Swamp:3)
  4 death yaks
  A shock serpent (shapeshifter) (D:14)
  A bog body (Swamp:1)
  A deep elf pyromancer (D:14)
  2 wolf spiders (Spider:1)
  A phantasmal warrior (D:12)
  A manticore (D:12)
  3 will-o-the-wisps
  10 elephants
  A guardian serpent (Lair:2)
  A black mamba (Lair:6)
  4 cane toads
  Psyche (D:8)
  A demonic crawler (Spider:1)
  10 komodo dragons
  2 unseen horrors
  18 nameless horrors
  2 meliai (Spider:1)
  5 polar bears (Lair:6)
  5 hornets
  3 slime creatures
  2 tyrant leeches (Swamp:2)
  2 raiju (Lair:6)
  3 tarantellas (Spider:1)
  7 blink frogs
  A culicivora (Spider:1)
  A shadow (D:9)
  3 wyverns
  2 wraiths (D:12)
  27 yaks
  A fire bat (Lair:1)
  3 spriggans
  2 steam dragons
  2 basilisks
  5 vampire mosquitoes
  8 redbacks (Spider:1)
  A warg (Lair:6)
  4 swamp worms
  4 water moccasins
  2 acid dragons
  4 hell hounds (Lair:6)
  A swamp drake (Swamp:3)
  An ice beast (D:4)
  An orc warrior (D:7)
  A sky beast (D:6)
  3 black bears
  2 ogres
  18 wolves
  9 centaurs
  6 bullfrogs
  3 kobold brigands
  2 necrophages
  2 gnoll sergeants (D:8)
  3 scorpions
  A wight (D:8)
  9 killer bees
  A howler monkey (D:7)
  An electric eel (D:8)
  6 hounds
  4 jellies
  2 orc priests (D:6)
  5 gnoll shamans
  6 iguanas
  An orc wizard (D:11)
  20 gnolls
  7 adders
  2 shadow imps (D:7)
  5 white imps
  3 ufetubi
  2 worms (D:2)
  A dart slug (D:4)
  15 orcs
  6 endoplasms
  3 giant cockroaches
  3 goblins
  6 hobgoblins
  4 jackals (D:3)
  4 quokkas
  5 ball pythons
  3 bats
  11 kobolds
  6 rats
378 creatures vanquished.

Vanquished Creatures (collateral kills)
  Jorgrun (D:14)
  A ghoul (Swamp:2)
  A bunyip (Swamp:2)
  4 hydras
  2 boulder beetles (Lair:2)
  An alligator (Swamp:1)
  3 two-headed ogres
  3 death yaks
  A death knight (D:12)
  Urug (Lair:1)
  Amaemon (Lair:1)
  A sun moth (Spider:1)
  A goliath frog (Swamp:1)
  A swamp dragon (Swamp:1)
  A bog body (Swamp:2)
  A deep elf pyromancer (D:12)
  3 ugly things (D:14)
  2 cyclopes
  7 elephants
  3 manticores
  2 black mambas
  9 cane toads
  A torpor snail (Spider:1)
  2 gargoyles (D:11)
  An orange demon (Lair:1)
  8 komodo dragons
  An unseen horror (D:11)
  2 rime drakes
  2 efreet (D:13)
  A freezing wraith (D:12)
  A tyrant leech (Swamp:1)
  A meliai (Spider:1)
  5 polar bears
  3 trolls
  4 hornets
  3 slime creatures (D:13)
  3 dream sheep (Lair:6)
  4 blink frogs
  3 spriggans
  2 wraiths
  5 wyverns
  12 yaks
  5 basilisks
  A fire bat (Lair:1)
  A fire elemental (D:14)
  2 redbacks (Spider:1)
  7 vampire mosquitoes
  2 wargs (Lair:6)
  3 acid dragons
  10 water moccasins
  A swamp worm (Swamp:1)
  8 hell hounds
  4 nameless horrors
  A swamp drake (Swamp:1)
  An orc warrior (D:9)
  9 black bears (Lair:6)
  17 wolves
  4 centaurs
  A kobold brigand (D:9)
  3 necrophages
  5 bullfrogs
  A gnoll sergeant (D:9)
  3 scorpions (Lair:2)
  9 wights
  A killer bee (D:8)
  A howler monkey (D:9)
  A lava snake (Lair:1)
  An orc priest (D:9)
  3 orc wizards
  4 gnolls
  A worm (Lair:2)
  3 orcs
  2 giant cockroaches (Lair:2)
  7 kobolds (D:9)
236 creatures vanquished.

Vanquished Creatures (others)
  A fenstrider witch (Swamp:2)
  A black bear (Lair:6)
  20 foxfires (Swamp:2)
  41 fungi
  116 plants
179 creatures vanquished.

Grand Total: 793 creatures vanquished

Table legend:
 A = Non-vault XP
 B = Vault XP
 C = Vault XP percentage of total XP
 D = Non-vault monster count
 E = Vault monster count
 F = Vault count percentage of total count
                 A         B        C        D         E       F
            +---------+---------+-------+---------+---------+-------
      Total |  110974 |   23422 |  17.4 |     495 |      99 |  16.7
            +---------+---------+-------+---------+---------+-------
        D:1 |      24 |       0 |   0.0 |      15 |       0 |   0.0
        D:2 |      47 |       0 |   0.0 |      10 |       0 |   0.0
        D:3 |      63 |       4 |   6.0 |      20 |       2 |   9.1
        D:4 |     615 |     167 |  21.4 |      17 |       2 |  10.5
        D:5 |    1620 |     262 |  13.9 |      24 |       4 |  14.3
        D:6 |     985 |     115 |  10.5 |      26 |       1 |   3.7
        D:7 |    1390 |     207 |  13.0 |      14 |       2 |  12.5
        D:8 |    2921 |    1795 |  38.1 |      35 |       5 |  12.5
        D:9 |    1399 |       0 |   0.0 |      32 |       0 |   0.0
       D:10 |    2820 |       0 |   0.0 |      19 |       0 |   0.0
       D:11 |    4783 |       0 |   0.0 |      19 |       0 |   0.0
       D:12 |    7429 |       0 |   0.0 |      21 |       0 |   0.0
       D:13 |    5733 |       0 |   0.0 |      17 |       0 |   0.0
       D:14 |    2984 |    5269 |  63.8 |      11 |      10 |  47.6
     Lair:1 |    5636 |    1952 |  25.7 |      25 |       3 |  10.7
     Lair:2 |    3833 |    3851 |  50.1 |      11 |      15 |  57.7
     Lair:3 |    8195 |       0 |   0.0 |      21 |       0 |   0.0
     Lair:4 |    6413 |       0 |   0.0 |      23 |       0 |   0.0
     Lair:5 |   10006 |       0 |   0.0 |      36 |       0 |   0.0
     Lair:6 |   11253 |    9545 |  45.9 |      25 |      54 |  68.4
    Swamp:1 |   11752 |       0 |   0.0 |      24 |       0 |   0.0
    Swamp:2 |   12548 |       0 |   0.0 |      25 |       0 |   0.0
    Swamp:3 |    2315 |       0 |   0.0 |       4 |       0 |   0.0
   Spider:1 |    6210 |     255 |   3.9 |      21 |       1 |   4.5
            +---------+---------+-------+---------+---------+-------

Illustrated notes

Table legend:
 A = Kills in this place as a percentage of kills in entire the game.
 B = Kills by you in this place as a percentage of kills by you in the entire game.
 C = Kills by friends in this place as a percentage of kills by friends in the entire game.
 D = Other kills in this place as a percentage of other kills in the entire game.
 E = Experience gained in this place as a percentage of experience gained in the entire game.
 F = Experience gained in this place divided by the number of levels of this place that you have seen.
                   A       B       C       D       E      F
               +-------+-------+-------+-------+-------+----------------------
         Total | 100.0 | 100.0 | 100.0 | 100.0 | 100.0 | 5375.8
       Dungeon |  51.5 |  61.1 |  37.1 |   0.0 |  30.2 | 2902.3
          Lair |  35.9 |  25.0 |  52.6 |  50.0 |  45.2 | 10114.0
         Swamp |   8.9 |   9.2 |   8.2 |  50.0 |  19.8 | 8871.7
   Spider Nest |   3.7 |   4.7 |   2.2 |   0.0 |   4.8 | 6465.0
               +-------+-------+-------+-------+-------+----------------------

Table legend: (Time is in decaauts)
 A = Elapsed time spent in this place.
 B = Non-inter-level travel time spent in this place.
 C = Inter-level travel time spent in this place.
 D = Time resting spent in this place.
 E = Time spent auto-exploring this place.
 F = Levels seen in this place.
 G = Mean time per level.
                   A        B        C        D        E       F      G
               +--------+--------+--------+--------+--------+-----+--------+
         Total |  38995 |  35624 |   3371 |   7856 |  22354 |  25 | 1559.8 |
       Dungeon |  20854 |  18906 |   1948 |   4045 |  12265 |  14 | 1489.6 |
        Temple |    227 |    211 |     16 |      0 |    185 |   1 |  227.0 |
          Lair |  13481 |  12312 |   1169 |   2005 |   8442 |   6 | 2246.8 |
         Swamp |   3769 |   3534 |    235 |   1491 |   1280 |   3 | 1256.3 |
   Spider Nest |    662 |    662 |      0 |    314 |    181 |   1 |  662.0 |
               +--------+--------+--------+--------+--------+-----+--------+

Top non-repeatable levels by time:
  Lair:6: 2881 daAuts
  Lair:1: 2810 daAuts
     D:8: 2551 daAuts
 Swamp:1: 2336 daAuts
  Lair:2: 2265 daAuts
  Lair:5: 2229 daAuts
     D:9: 2147 daAuts
     D:4: 2079 daAuts
  Lair:3: 1864 daAuts
    D:11: 1823 daAuts
    D:12: 1625 daAuts
    D:13: 1546 daAuts
     D:7: 1462 daAuts
  Lair:4: 1430 daAuts
     D:1: 1416 daAuts
